 Dungeon Crawl Stone Soup version 0.30-a0-341-g682706514a (webtiles) character file.

Game seed: 10142163768734994857

2070 Engwar the Conjurer (level 9, 0/71 HPs)
             Began as a Pale Draconian Fire Elementalist on Nov 2, 2022.
             Killed themself with a badly aimed concussive blast (20 damage)
             ... on level 7 of the Dungeon.
             The game lasted 00:25:15 (8234 turns).

Engwar the Conjurer (DrFE)                          Turns: 8234, Time: 00:25:15

Health: 0/71       AC:  8    Str: 11    XL:     9   Next: 5%
Magic:  1/16       EV: 12    Int: 20    God:
Gold:   303        SH:  0    Dex: 11    Spells: 2/18 levels left

rFire   . . .      SeeInvis .    o - +1 whip (freeze)
rCold   . . .      Faith    .    (no shield)
rNeg    + . .      Spirit   .    (body armour unavailable)
rPois   .          Reflect  .    (helmet restricted)
rElec   .          Harm     .    (no cloak)
rCorr   +          Rampage  .    (no gloves)
Will    .....                    y - +0 pair of boots
Stlth   ++........               h - amulet of regeneration
HPRegen 1.11/turn                l - ring of resist corrosion
MPRegen 0.15/turn                u - ring of positive energy

@: short of breath, mesmerised
A: breathe steam, AC +7, unfitting armour, cold-blooded, steam resistance
a: Breathe Steam


You were on level 7 of the Dungeon.
You visited 2 branches of the dungeon, and saw 8 of its levels.
You also visited: Sewer.

You collected 303 gold pieces.

Inventory:

Hand Weapons
 o - a +1 whip of freezing (weapon)
 z - a +0 whip of flaming
Missiles
 c - 73 stones
Armour
 y - a +0 pair of boots (worn)
Jewellery
 h - an amulet of regeneration (around neck)
 l - a ring of resist corrosion (left hand)
 u - a ring of positive energy (right hand)
 x - a +6 ring of strength
Wands
 k - a wand of acid (4)
 v - a wand of mindburst (12)
 w - a wand of flame (25)
Scrolls
 f - 2 scrolls of enchant armour
 i - 3 scrolls of butterflies
 p - a scroll of magic mapping
 r - a scroll of summoning {unknown}
 t - a scroll of amnesia {unknown}
Potions
 a - 2 potions of magic
 b - 4 potions of attraction
 d - 2 potions of invisibility
 e - 4 potions of flight
 g - 3 potions of curing
 j - a potion of berserk rage
 m - 2 potions of lignification
 n - 2 potions of mutation {unknown}
 q - 2 potions of heal wounds
 s - a potion of might {unknown}


   Skills:
 - Level 4.0 Fighting
 + Level 2.4 Dodging
 - Level 1.7 Stealth
 - Level 5.0 Spellcasting
 + Level 7.5 Conjurations
 + Level 1.5 Translocations
 - Level 3.9 Fire Magic
 - Level 4.0 Air Magic
 - Level 4.0 Poison Magic


You had 2 spell levels left.
You knew the following spells:

 Your Spells              Type           Power      Damage    Failure   Level
a - Foxfire               Conj/Fire      100%       2x1d9     1%          1
b - Scorch                Fire           40%        2d7       3%          2
c - Magic Dart            Conj           100%       1d8       1%          1
d - Mephitic Cloud        Conj/Pois/Air  25%        N/A       4%          3
e - Blink                 Tloc           22%        N/A       10%         2
f - Flame Wave            Conj/Fire      28%        2d9       11%         4
g - Kindle Blastsparks    Fire/Tloc/Air  34%        2d12      10%         3

Your spell library contained the following spells:

 Spells                   Type           Power      Damage    Failure   Level
 Momentum Strike          Conj/Tloc      46%        3d9       2%          2
 Call Imp                 Summ           5%         N/A       17%         2
 Sublimation of Blood     Necr           5%         N/A       17%         2
 Wereblood                Tmut           5%         N/A       17%         2
 Inner Flame              Hex/Fire       12%        N/A       16%         3
 Lesser Beckoning         Tloc           22%        N/A       19%         3
 Summon Hydra             Summ           2%         N/A       100%        7


Dungeon Overview and Level Annotations

Branches:
Dungeon (7/15)             Temple (1/1) D:6           Sewer (visited)

Altars:
Ashenzari
Cheibriados
Dithmenos
Elyvilon
Fedhas
Gozag
Hepliaklqana
Kikubaaqudgha
Makhleb
Okawaru
Qazlal
Ru
Sif Muna
Trog
Uskayaw
Yredelemnul
Zin
The Shining One

Shops:
D:2 [   D:6 *

Annotations:
D:7 Maggie


Innate Abilities, Weirdness & Mutations

You can breathe blasts of scalding, opaque steam.
Your pale cyan-grey scales are hard. (AC +7)
You cannot fit into any form of body armour.
You are cold-blooded and may be slowed by cold attacks.
You are immune to the effects of steam.


Message History

You hit Maggie but do no damage. You tail-slap Maggie, but do no damage.
Maggie is heavily wounded.
Maggie gestures wildly while chanting.
Maggie attempts to bespell you!
You are mesmerised by Maggie!
Unknown command.
Unknown command.
Casting: Scorch (safe; 3% risk of failure)
Confirm with . or Enter, or press ? or * to list all spells.
A cloud of volatile blastsparks flares up around you!
Maggie casts a spell.
Maggie draws you further into her thrall.
Aiming: Breathe Steam (1% risk of failure)
Press: ? - help, Shift-Dir - straight line, f/p - Maggie
Aim: Maggie, wielding a +0 morningstar and wearing +0 steam dragon scales (heavily wounded, mesmerising, 71% to hit)
You exhale a blast of scalding steam.
The ball of steam hits Maggie.
Maggie completely resists.
Maggie is heavily wounded.
Maggie hits you with a +0 morningstar.
Casting: Kindle Blastsparks (dangerous; 10% risk of failure)
Confirm with . or Enter, or press ? or * to list all spells.
Flames lash Maggie.
Maggie is severely wounded.
Maggie's fire resistance burns away.
Maggie barely misses you.
Casting: Scorch (safe; 3% risk of failure)
Confirm with . or Enter, or press ? or * to list all spells.
You don't have enough magic to cast this spell.
You barely miss Maggie.
Maggie is severely wounded.
Maggie hits you with a +0 morningstar!
You hit Maggie. You freeze Maggie.
Maggie is almost dead.
Maggie hits you with a +0 morningstar!
You closely miss Maggie.
Maggie is almost dead.
Maggie points at you and mumbles some strange words.
The bolt of fire hits you!
* * * LOW HITPOINT WARNING * * *
The cloud of blastsparks explodes!
The concussive blast engulfs you!!
You die...

..##
##..######...#
..## ###...##..###
...######
###....##
........### ##...#
..........########
............##
#####..###...# #
#..#
##..######..###
#.##
#..>..@@ยง....$
###
#.#############
... ####


You could see Maggie (mesmerising, combustible).

Vanquished Creatures
  Pikel (D:7)
  Menkaure (D:5)
  2 water moccasins
  Pargi (Sewer)
  2 sky beasts
  2 lemures
  A kobold brigand (D:7)
  A necrophage (D:6)
  3 bullfrogs
  A scorpion (D:3)
  3 killer bees
  An electric eel (D:6)
  A howler monkey (D:5)
  A hound (D:5)
  An orc priest (D:5)
  2 jellies (D:5)
  An iguana (D:4)
  Robin (D:2)
  3 gnolls (D:3)
  10 adders
  2 white imps (D:6)
  4 worms
  2 dart slugs
  15 orcs
  4 bats
  5 endoplasms
  4 giant cockroaches
  13 goblins
  8 hobgoblins
  8 jackals
  10 kobolds
  3 quokkas
  4 ball pythons
  5 frilled lizards
  2 rats
128 creatures vanquished.

Vanquished Creatures (collateral kills)
  A foxfire (D:3)
1 creature vanquished.

Vanquished Creatures (others)
  164 foxfires
  6 plants (D:3)
170 creatures vanquished.

Grand Total: 299 creatures vanquished

Notes
Turn   | Place    | Note
-------+----------+-------------------------------------------
     0 | D:1      | Engwar the Draconian Fire Elementalist began the quest for
                  | the Orb.
     0 | D:1      | Reached XP level 1. HP: 14/14 MP: 3/3
   187 | D:1      | Reached XP level 2. HP: 18/20 MP: 0/5
   202 | D:1      | Learned a level 2 spell: Scorch
   254 | D:1      | Learned a level 1 spell: Magic Dart
  1202 | D:2      | Identified the +2 leather armour of Intuition {+Inv rElec
                  | rF+++ Str-2}
  1226 | D:2      | Found Yhemic's Armour Shoppe.
  1286 | D:2      | Reached XP level 3. HP: 26/26 MP: 0/6
  1362 | D:2      | Found a stormy altar of Qazlal.
  1501 | D:2      | Reached skill level 2 in Conjurations
  1621 | D:2      | Noticed Robin
  1761 | D:3      | Learned a level 3 spell: Mephitic Cloud
  1881 | D:3      | Found a hazy altar of Hepliaklqana.
  1958 | D:3      | Reached XP level 4. HP: 27/33 MP: 1/8
  2125 | D:3      | Noticed a scorpion
  2130 | D:3      | Killed a scorpion
  2131 | D:3      | Reached skill level 1 in Air Magic
  2131 | D:3      | Reached skill level 1 in Poison Magic
  2261 | D:3      | Reached XP level 5. HP: 38/38 MP: 2/9
  2681 | D:2      | Killed Robin
  3522 | D:3      | Found a stormy altar of Qazlal.
  3523 | D:3      | Found a snail-covered altar of Cheibriados.
  3524 | D:3      | Found a broken altar of Ashenzari.
  3576 | D:4      | Reached skill level 3 in Conjurations
  3875 | D:4      | Learned a level 2 spell: Blink
  4090 | D:4      | Found a sacrificial altar of Ru.
  4140 | D:4      | Reached XP level 6. HP: 45/45 MP: 11/11
  4403 | D:5      | Entered Level 5 of the Dungeon
  4655 | D:5      | Found a glowing drain.
  4785 | Sewer    | Entered a sewer
  4807 | Sewer    | Noticed Pargi
  4816 | Sewer    | Killed Pargi
  5056 | D:5      | Identified the +6 scale mail of the Rose {Int+8 Dex-4}
  5131 | D:5      | Found a bloodstained altar of Trog.
  5147 | D:5      | Your scales start taking on a pale cyan-grey colour.
  5147 | D:5      | Reached XP level 7. HP: 50/50 MP: 6/12
  5147 | D:5      | Gained mutation: You are immune to the effects of steam.
                  | [Pale Draconian growth]
  5152 | D:5      | Learned a level 4 spell: Flame Wave
  5281 | D:5      | Noticed Menkaure
  5286 | D:5      | Killed Menkaure
  5287 | D:5      | Reached skill level 4 in Conjurations
  5606 | D:6      | Found Ureom's Overcharged Wands.
  5836 | D:6      | Found a staircase to the Ecumenical Temple.
  5847 | Temple   | Entered the Ecumenical Temple
  6180 | D:6      | Reached skill level 1 in Fighting
  6224 | D:6      | Reached skill level 5 in Conjurations
  6224 | D:6      | Reached XP level 8. HP: 61/61 MP: 9/14
  6960 | D:7      | Found a hide-covered altar of Uskayaw.
  7170 | D:7      | Noticed Pikel
  7456 | D:7      | Killed Pikel
  7457 | D:7      | Reached skill level 5 in Spellcasting
  7457 | D:7      | Reached skill level 7 in Conjurations
  7461 | D:7      | Learned a level 3 spell: Kindle Blastsparks
  7812 | D:7      | Reached skill level 1 in Translocations
  7812 | D:7      | Reached XP level 9. HP: 71/71 MP: 7/16
  8210 | D:7      | Noticed Maggie
  8234 | D:7      | Killed themself with a badly aimed concussive blast

Illustrated notes

Levels and vault maps discovered:
D:1:      eino_arrival_tree_alley, layout_basic, serial_rivers,
          chequers_serial_rivers_large_b, chequers_serial_rivers_micro_b,
          chequers_serial_rivers_micro_d, chequers_serial_rivers_large_a,
          chequers_serial_rivers_micro_c, nicolae_titane
D:2:      layout_basic, basic_altar, serial_shops, nicolae_shop_waterfront,
          uniq_robin
D:3:      layout_basic, nicolae_hepliaklqana_hazy_memory,
          gammafunk_temple_overflow_forgotten, hangedman_feature_mirror
D:4:      layout_loops_ring, marbit_many_paths, corexii_hall_statues_s,
          chequers_mini_garden, hex_medium
D:5:      layout_loops_ring, mainiacjoe_overflow_surrounded_room,
          cheibrodos_sewer_entry_drain, serial_park_tiny_1, uniq_menkaure
D:6:      wad_lake_hut, layout_rooms, minmay_temple_entry_ruins,
          nicolae_shop_overcharged_wands
D:7:      minmay_blocky_corners, layout_layer_cave, kennysheep_mini, uniq_pikel,
          uniq_maggie
Temple:   bh_familiar_temple

Skill      XL: |  1  2  3  4  5  6  7  8 |
---------------+-------------------------+-----
Conjurations   | 2 3 5 7 |  7.5
Spellcasting   | 3 4 5 |  5.0
Air Magic      | 1 2 3 4 |  4.0
Poison Magic   | 1 2 4 |  4.0
Fighting       | 2 4 |  4.0
Dodging        | 2 |  2.4
Translocations | 1 |  1.5
Stealth        | |  1.7
Fire Magic     | |  3.9

Action                   |  1- 3 |  4- 6 |  7- 9 || total
-------------------------+-------+-------+-------++-------
Melee: Dagger            |    29 |       |       ||    29
       Tailslap          |     4 |     8 |     7 ||    19
       Whip              |    14 |    92 |    32 ||   138
       Punch             |       |     1 |     1 ||     2
 Cast: Foxfire           |    37 |    39 |    31 ||   107
       Scorch            |    10 |    35 |    59 ||   104
       Flame Wave        |       |       |     2 ||     2
       Magic Dart        |       |       |     1 ||     1
       Mephitic Cloud    |       |       |     1 ||     1
       Kindle Blastspark |       |       |     1 ||     1
 Abil: Breathe Steam     |       |       |     2 ||     2
  Use: Scroll            |     1 |    15 |     4 ||    20
       Potion            |       |       |     1 ||     1
 Stab: Sleeping          |       |     1 |       ||     1
       Confused          |       |       |     1 ||     1
Armor: Skin              |    19 |    45 |    14 ||    78
Dodge: Dodged            |    62 |    91 |    49 ||   202

Table legend: (Time is in decaauts)
 A = Elapsed time spent in this place.
 B = Non-inter-level travel time spent in this place.
 C = Inter-level travel time spent in this place.
 D = Time resting spent in this place.
 E = Time spent auto-exploring this place.
 F = Levels seen in this place.
 G = Mean time per level.
                   A        B        C        D        E       F      G
               +--------+--------+--------+--------+--------+-----+--------+
         Total |   8392 |   8139 |    253 |    729 |   6141 |   9 |  932.4 |
       Dungeon |   7974 |   7735 |    239 |    685 |   5875 |   7 | 1139.1 |
        Temple |    172 |    158 |     14 |      0 |    155 |   1 |  172.0 |
         Sewer |    245 |    245 |      0 |     44 |    110 |   1 |  245.0 |
               +--------+--------+--------+--------+--------+-----+--------+

Top non-repeatable levels by time:
     D:7: 1487 daAuts
     D:3: 1466 daAuts
     D:1: 1230 daAuts
     D:5: 1061 daAuts
     D:6: 952 daAuts
     D:2: 941 daAuts
     D:4: 834 daAuts
   Sewer: 245 daAuts
  Temple: 172 daAuts
